 Dungeon Crawl Stone Soup version 0.27-a0-1228-gfd60fd639a (webtiles) character file.

Game seed: 85093255937216184

4 Shayle the Grave Robber (level 1, -1/14 HPs)
             Began as a Palentonga Necromancer on June 8, 2021.
             Slain by a kobold
             ... wielding a +0 short sword
              (2 damage)
             ... on level 1 of the Dungeon.
             The game lasted 00:00:55 (460 turns).

Shayle the Grave Robber (Palentonga Necromancer)     Turns: 460, Time: 00:00:56

Health: -1/14      AC:  4    Str: 11    XL:     1   Next: 58%
Magic:  3/3        EV:  9    Int: 15    God:
Gold:   33         SH:  0    Dex: 10    Spells: 3/4 levels left

rFire    . . .     SeeInvis +   c - +0 short sword (venom)
rCold    . . .     Faith    .   (no shield)
rNeg     . . .     Spirit   .   a - +0 robe
rPois    .         Reflect  .   (no helmet)
rElec    .         Harm     .   (no cloak)
rCorr    .         Rampage  .   (no gloves)
Will     .....                  (no barding)
Stlth    +.........             (no amulet)
HPRegen  0.04/turn              (no ring)
MPRegen  0.08/turn              (no ring)

@: no status effects
A: large, rugged brown scales 3, see invisible, deformed body, roll 1, armoured
tail
a: Rolling Charge


You were on level 1 of the Dungeon.
You visited 1 branch of the dungeon, and saw 1 of its levels.

You collected 33 gold pieces.

Inventory:

Hand Weapons
 c - a +0 short sword of venom (weapon)
Armour
 a - a +0 robe (worn)
Scrolls
 b - a scroll of fear {unknown}


   Skills:
 + Level 0.5 Fighting
 + Level 1.7 Dodging
 - Level 1.2 Stealth
 + Level 2.1 Spellcasting
 - Level 4.0 Necromancy


You had 3 spell levels left.
You knew the following spells:

 Your Spells              Type           Power      Damage    Failure   Level
a - Pain                  Necr           52%        1d6       4%          1

Your spell library contained the following spells:

 Spells                   Type           Power      Damage    Failure   Level
 Animate Skeleton         Necr           26%        N/A       4%          1
 Vampiric Draining        Necr           6%         2d6       13%         3
 Animate Dead             Necr           6%         N/A       38%         4
 Agony                    Necr           13%        N/A       75%         5


Dungeon Overview and Level Annotations

Branches:
Dungeon (1/15)

Altars:


Innate Abilities, Weirdness & Mutations

You are completely covered in rugged brown scales. (AC +3, +7% HP)
You have supernaturally acute eyesight. (SInv)
Armour fits poorly on your strangely shaped body.
You can roll at nearby foes to attack.
You have a long armoured tail.


Message History

There is an open door here.
There is a staircase leading out of the dungeon here.
There is an open door here.
There is an open door here.
Found a stone staircase leading down.
There is a stone staircase leading down here.
You see here a ball python skeleton.
Found a robe.
You open the door.
A frilled lizard comes into view.
The frilled lizard hisses angrily.
Found 6 gold pieces and a whip.
There is an open door here.
The frilled lizard bites you.
You closely miss the frilled lizard. The frilled lizard barely misses you.
You hit the frilled lizard but do no damage.
The frilled lizard closely misses you.
You miss the frilled lizard. You tail-slap the frilled lizard.
You kill the frilled lizard!
A kobold comes into view. It is wielding a +0 short sword.
The kobold shouts!
Found a runed mace.
A quokka comes into view.
You see here 6 gold pieces.
You now have 33 gold pieces (gained 6).
There is an open door here.
There are no items here.
You closely miss the kobold.
The kobold hits you with a +0 short sword. x2
You hit the kobold.
The kobold is poisoned.
The kobold is moderately wounded.
The quokka bites you.
* * * LOW HITPOINT WARNING * * *
The kobold hits you with a +0 short sword.
* * * LOW HITPOINT WARNING * * *
You closely miss the kobold.
The kobold is severely wounded.
The quokka bites you but does no damage.
The kobold hits you with a +0 short sword.
You die...

####......## ....[.
#......## ......
#.......#
......######.....รท.##
...............###..#
...............# #..#
...............# #..#
###....r......# ##.#
#.....@K......# #.##
#...####'###### #..#
#. #........# ##.##
#........# #.>#
#........# ##.#
#....)...# #.#
#........# #.#
#........# #.#
#........# #.#


You could see a quokka and a kobold (poisoned).

Vanquished Creatures
  A ball python (D:1)
  A goblin (D:1)
  A kobold (D:1)
  A frilled lizard (D:1)
4 creatures vanquished.

Notes
Turn   | Place    | Note
-------+----------+-------------------------------------------
     0 | D:1      | Shayle the Palentonga Necromancer began the quest for the
                  | Orb.
     0 | D:1      | Reached XP level 1. HP: 13/13 MP: 3/3
   460 | D:1      | Slain by a kobold

Illustrated notes

Levels and vault maps discovered:
D:1:      minmay_arrival_split_and_join, layout_basic,
          hellmonk_ecumenical_altar_crossroads

Action                   || total
-------------------------++-------
Melee: Short sword       ||     7
       Unarmed           ||     3
       Tailslap          ||     1
 Cast: Pain              ||     3
 Abil: Rolling Charge    ||     2
Armor: Robe              ||     2
Dodge: Dodged            ||     3

Table legend: (Time is in decaauts)
 A = Elapsed time spent in this place.
 B = Non-inter-level travel time spent in this place.
 C = Inter-level travel time spent in this place.
 D = Time resting spent in this place.
 E = Time spent auto-exploring this place.
 F = Levels seen in this place.
 G = Mean time per level.
                   A        B        C        D        E       F      G
               +--------+--------+--------+--------+--------+-----+--------+
         Total |    460 |    460 |      0 |      0 |    410 |   1 |  460.0 |
       Dungeon |    460 |    460 |      0 |      0 |    410 |   1 |  460.0 |
               +--------+--------+--------+--------+--------+-----+--------+

Top non-repeatable levels by time:
     D:1: 460 daAuts
